 Dungeon Crawl Stone Soup version 0.29-a0-845-g6161e89988 (webtiles) character file.

Game seed: 10896210069345289520

6787 scionoferis the Frost Mage (level 10, -2/77 HPs)
             Began as a Purple Draconian Ice Elementalist on July 15, 2022.
             Was a Priest of Vehumet.
             Slain by an orc warrior
             ... wielding a +0 war axe
              (14 damage)
             ... on level 9 of the Dungeon.
             The game lasted 00:46:30 (11318 turns).

scionoferis the Frost Mage (DrIE)                  Turns: 11318, Time: 00:46:31

Health: -2/77      AC: 11    Str: 10    XL:     10   Next: 76%
Magic:  21/22      EV: 13    Int: 20    God:    Vehumet [***...]
Gold:   408        SH:  0    Dex: 16    Spells: 8/26 levels left

rFire   + + .      SeeInvis .   A - +7 triple sword of the Bespelling Gods {vamp, rF+ rCorr Dex+4}
rCold   . . .      Faith    .   (shield currently unavailable)
rNeg    . . .      Spirit   .   (body armour unavailable)
rPois   .          Reflect  .   (helmet restricted)
rElec   .          Harm     .   (no cloak)
rCorr   +          Rampage  .   (no gloves)
Will    +....                   (no boots)
Stlth   +++.......              (no amulet)
HPRegen 0.22/turn               m - +4 ring of protection
MPRegen 0.18/turn               f - ring of protection from fire

@: no status effects
A: breathe power, AC +7, unfitting armour, cold-blooded
a: Breathe Dispelling Energy, Renounce Religion


You were on level 9 of the Dungeon.
You worshipped Vehumet.
Vehumet was most pleased with you.
You visited 2 branches of the dungeon, and saw 10 of its levels.
You also visited: Bailey.

You collected 408 gold pieces.

Inventory:

Hand Weapons
 d - a +0 dagger
 r - a +0 long sword
 v - a +1 rapier of venom
 w - a +0 arbalest
 A - the +7 triple sword of the Bespelling Gods (weapon) {vamp, rF+ rCorr Dex+4}
   (You found it in a bailey)

   It occasionally heals its wielder for a portion of the damage dealt when it
   wounds a living foe.
   Dex:       It affects your dexterity (+4).
   rF:        It protects you from fire.
   rCorr:     It protects you from acid and corrosion.
 G - a +2 dagger of holy wrath
Missiles
 x - 5 javelins
 y - 35 poisoned darts
 z - 2 boomerangs
 C - 2 silver boomerangs
 F - a throwing net
Armour
 J - a +0 buckler
Magical Staves
 c - a staff of fire
Jewellery
 f - a ring of protection from fire (right hand)
 m - a +4 ring of protection (left hand)
 q - a ring of flight
 I - a ring of protection from fire
Scrolls
 e - a scroll of teleportation
 i - a scroll of enchant weapon
 p - a scroll of amnesia {unknown}
 s - 2 scrolls of immolation
 u - a scroll of torment
 B - 4 scrolls of enchant armour
 D - a scroll of fog
 E - 2 scrolls of silence
 H - a scroll of blinking
 K - a scroll of poison {unknown}
Potions
 a - a potion of magic
 b - 2 potions of curing
 g - a potion of might
 h - a potion of brilliance
 j - 2 potions of invisibility {unknown}
 k - 2 potions of haste
 l - a potion of cancellation {unknown}
 n - a potion of mutation {unknown}
 o - a potion of ambrosia {unknown}
 t - 2 potions of flight {unknown}


   Skills:
 + Level 3.5 Fighting
 * Level 4.5 Long Blades
 + Level 3.3 Dodging
 + Level 3.6 Stealth
 + Level 8.5 Spellcasting
 + Level 7.1 Conjurations
 - Level 5.0 Fire Magic
 - Level 9.0 Ice Magic
 - Level 3.0 Air Magic
 - Level 3.0 Poison Magic


You had 8 spell levels left.
You knew the following spells:

 Your Spells              Type           Power      Damage    Failure   Level
a - Freeze                Ice            100%       1d11      1%          1
b - Frozen Ramparts       Ice            88%        1d10      1%          3
c - Ozocubu's Armour      Ice            44%        N/A       1%          3
d - Hailstorm             Conj/Ice       40%        3d10      1%          4
e - Mephitic Cloud        Conj/Pois/Air  26%        N/A       1%          3
f - Sticky Flame          Conj/Fire      32%        2d5       1%          4

Your spell library contained the following spells:

 Spells                   Type           Power      Damage    Failure   Level
 Inner Flame              Hex/Fire       18%        N/A       2%          3
 Magic Dart               Conj           100%       1d8       1%          1
 Poisonous Vapours        Pois/Air       40%        N/A       1%          2
 Conjure Flame            Conj/Fire      32%        6-21      1%          3
 Ignite Poison            Fire/Tmut/Pois 19%        N/A       2%          3
 Apportation              Tloc           16%        N/A       9%          1
 Necrotise                Necr           32%        1d5       9%          1
 Slow                     Hex            32%        N/A       9%          1
 Summon Small Mammal      Summ           32%        N/A       9%          1
 Call Imp                 Summ           8%         N/A       12%         2
 Call Canine Familiar     Summ           8%         N/A       24%         3
 Confusing Touch          Hex            8%         N/A       24%         3
 Summon Guardian Golem    Hex/Summ       8%         N/A       24%         3
 Vampiric Draining        Necr           8%         2d6       24%         3
 Corpse Rot               Necr/Pois/Air  16%        N/A       34%         4


Dungeon Overview and Level Annotations

Branches:
Dungeon (9/15)             Temple (1/1) D:5          Bailey (visited)
   Lair: D:8-11         Orc: D:9-12

Altars:
Ashenzari
Cheibriados
Dithmenos
Elyvilon
Fedhas
Gozag
Hepliaklqana
Kikubaaqudgha
Makhleb
Nemelex Xobeh
Okawaru
Qazlal
Ru
Sif Muna
Trog
Uskayaw
Vehumet
Wu Jian
Xom
Yredelemnul
Zin
The Shining One

Annotations:
D:7 exclusion: ice statue


Innate Abilities, Weirdness & Mutations

You can breathe bolts of dispelling energy.
Your rich purple scales are hard. (AC +7)
You cannot fit into any form of body armour.
You are cold-blooded and may be slowed by cold attacks.


Message History

The killer bee barely misses you.
The wall freezes the killer bee.
The killer bee stings you.
You are poisoned.
The killer bee poisons you!
The wall freezes the killer bee.
You kill the killer bee!
Vehumet accepts your kill.
Vehumet is now aiding your destructive spells.
Your icy armour cracks and falls away as you move.
The frozen ramparts melt away as you move.
You feel very sick.
Things that are here:
a killer bee corpse; a killer bee corpse You start resting.
You feel sick. x7
You are no longer poisoned.
Magic restored.
An orc warrior comes into view. It is wielding a +0 war axe.
Casting: Frozen Ramparts (safe; 1% risk of failure)
Confirm with . or Enter, or press ? or * to list all spells.
Casting: Frozen Ramparts (safe; 1% risk of failure)
Press: ? - help, Dir - look around, f - activate The walls around you are covered in ice.
The orc warrior unwields a +0 war axe.
The orc warrior wields a +0 arbalest.
The orc warrior shoots a bolt.
The bolt hits you!!
Your frozen ramparts will break if you move.
Continue?
The frozen ramparts melt away as you move.
The orc warrior shoots a bolt.
The bolt hits you!
Things that are here:
a killer bee corpse; a killer bee corpse The orc warrior shoots a bolt.
The bolt closely misses you.
The orc warrior shoots a bolt.
The bolt hits you!
* * * LOW HITPOINT WARNING * * *
You see here a +0 dagger of flaming.
You start resting.
An orc warrior is nearby!
The orc warrior shoots a bolt.
The bolt hits you!
* * * LOW HITPOINT WARNING * * *
You feel better.
The orc warrior shoots a bolt.
The bolt completely misses you.
The orc warrior unwields a +0 arbalest.
The orc warrior wields a +0 war axe.
The orc warrior hits you with a +0 war axe!
You die...

#..# #.# #..# #.# #..#
#.# #..# #.###### #
#..# #......######o..#
#..######.......†.....#
#..............########
#######...o)# #...@.#
#####..## .........#
######..[# #.... #...##
#.### #. #.


You could see an orc warrior.

Vanquished Creatures
  An orc knight (Bailey)
  An ugly thing (D:8)
  A troll (D:8)
  Sigmund (D:2)
  4 steam dragons (D:8)
  An acid dragon (D:8)
  A sky beast (D:6)
  13 orc warriors
  A black bear (D:5)
  4 ogres
  3 centaurs
  An ice beast (D:5)
  A phantom (D:6)
  5 kobold brigands
  2 bullfrogs
  5 scorpions
  A gnoll sergeant (D:8)
  6 wights
  8 killer bees
  5 howler monkeys
  7 jellies
  7 hounds
  A gnoll bouda (D:7)
  7 orc priests
  2 iguanas (D:5)
  6 orc wizards
  10 adders
  11 gnolls
  A shadow imp (D:6)
  A white imp (D:7)
  2 ufetubi
  2 worms
  3 dart slugs
  22 orcs
  4 ball pythons
  6 bats
  7 endoplasms
  2 giant cockroaches
  8 goblins
  A hobgoblin (D:3)
  5 quokkas
  2 frilled lizards
  22 kobolds
  2 rats (D:3)
206 creatures vanquished.

Vanquished Creatures (others)
  A kobold (D:8)
1 creature vanquished.

Grand Total: 207 creatures vanquished

Notes
Turn   | Place    | Note
-------+----------+-------------------------------------------
     0 | D:1      | scionoferis the Draconian Ice Elementalist began the quest
                  | for the Orb.
     0 | D:1      | Reached XP level 1. HP: 14/14 MP: 3/3
   452 | D:1      | Reached XP level 2. HP: 18/20 MP: 1/5
  1327 | D:2      | Found a faded altar of an unknown god.
  1734 | D:2      | Found a stormy altar of Qazlal.
  1745 | D:2      | Noticed Sigmund
  1779 | D:1      | Reached XP level 3. HP: 20/26 MP: 6/6
  2066 | D:3      | Learned a level 3 spell: Frozen Ramparts
  2070 | D:3      | Learned a level 3 spell: Ozocubu's Armour
  2307 | D:3      | Reached skill level 5 in Ice Magic
  2410 | D:3      | Reached XP level 4. HP: 33/33 MP: 6/8
  3203 | D:4      | Reached XP level 5. HP: 19/38 MP: 2/9
  3363 | D:4      | Noticed an ogre
  3373 | D:4      | Killed an ogre
  3374 | D:4      | Reached skill level 6 in Ice Magic
  3442 | D:4      | Learned a level 4 spell: Hailstorm
  3526 | D:4      | Reached skill level 1 in Conjurations
  3526 | D:4      | Reached XP level 6. HP: 43/45 MP: 4/11
  4215 | D:4      | Found an ancient bone altar of Kikubaaqudgha.
  4217 | D:4      | Found a glowing golden altar of the Shining One.
  4223 | D:4      | Found a sparkling altar of Nemelex Xobeh.
  4282 | D:5      | Entered Level 5 of the Dungeon
  4314 | D:5      | Your scales start taking on a rich purple colour.
  4314 | D:5      | Reached skill level 5 in Spellcasting
  4314 | D:5      | Reached XP level 7. HP: 50/50 MP: 7/14
  4411 | D:5      | Learned a level 3 spell: Mephitic Cloud
  4617 | D:5      | Reached skill level 1 in Air Magic
  4617 | D:5      | Reached skill level 1 in Poison Magic
  4632 | D:5      | Reached skill level 7 in Ice Magic
  5145 | D:5      | Reached XP level 8. HP: 50/57 MP: 9/16
  5419 | D:5      | Found a staircase to the Ecumenical Temple.
  5442 | Temple   | Entered the Ecumenical Temple
  5442 | Temple   | Found a transporter.
  5442 | Temple   | Found a transporter.
  5505 | Temple   | Found a transporter.
  5505 | Temple   | Found a transporter.
  5522 | Temple   | Became a worshipper of Vehumet
  5697 | D:2      | Killed Sigmund
  6263 | D:5      | Learned a level 4 spell: Sticky Flame
  6400 | D:6      | Reached skill level 1 in Fire Magic
  6752 | D:6      | Reached skill level 5 in Conjurations
  6902 | D:6      | Reached XP level 9. HP: 62/62 MP: 9/19
  7493 | D:7      | Reached skill level 8 in Ice Magic
  7500 | D:7      | Reached * piety under Vehumet
  7500 | D:7      | Offered knowledge of Foxfire by Vehumet.
  7506 | D:7      | Found a flagged portal.
  7515 | Bailey   | Entered a bailey
  8632 | Bailey   | Identified the +7 triple sword of the Bespelling Gods
                  | {vamp, rF+ rCorr Dex+4}
  8642 | Bailey   | Noticed an orc knight
  8649 | Bailey   | Killed an orc knight
  8650 | Bailey   | Reached skill level 1 in Fighting
  8650 | Bailey   | Reached skill level 1 in Long Blades
  8650 | Bailey   | Reached XP level 10. HP: 28/71 MP: 16/21
  9435 | D:7      | Reached ** piety under Vehumet
  9435 | D:7      | Offered knowledge of Searing Ray by Vehumet.
  9929 | D:7      | Noticed an ice statue
 10162 | D:8      | Noticed a red ugly thing
 10539 | D:8      | Reached skill level 5 in Fire Magic
 10547 | D:8      | Offered knowledge of Inner Flame by Vehumet.
 10793 | D:8      | Killed a red ugly thing
 10794 | D:8      | Reached skill level 9 in Ice Magic
 11277 | D:9      | Reached *** piety under Vehumet
 11318 | D:9      | Slain by an orc warrior

Illustrated notes

Levels and vault maps discovered:
D:1:      psy_arrival_terrarium, layout_basic
D:2:      layout_basic, basic_altar, hellmonk_ecumenical_altar_heavens_door,
          skrybe_limestone_x, minmay_misc_feat_x, uniq_sigmund
D:3:      minmay_inner_zag, layout_basic
D:4:      layout_basic, minmay_overflow_temple_star_quad,
          kennysheep_big_empty_room, minmay_misc_feat_four_crosses, st_stairs_3
D:5:      layout_basic, minmay_temple_entry_fiery
D:6:      layout_rooms
D:7:      lemuel_ice_statue, layout_cave_pods, enter_bailey_6,
          grunt_ministairs_6
D:8:      layout_basic, minmay_fractal_squares_5
D:9:      layout_loops_ring, hiddenorc2_lemuel, serial_glass, glass_columns_a,
          glass_columns_b, hangedman_minor_gate_pass
Temple:   hellmonk_temple_divided_pantheon

Skill      XL: |  1  2  3  4  5  6  7  8  9 10 |
---------------+-------------------------------+-----
Ice Magic      | 5 6 7 8 9 |  9.0
Spellcasting   | 3 5 6 7 8 |  8.5
Conjurations   | 1 2 3 5 7 |  7.1
Air Magic      | 2 3 |  3.0
Poison Magic   | 2 3 |  3.0
Fire Magic     | 2 4 5 |  5.0
Dodging        | 2 3 |  3.3
Stealth        | 2 3 |  3.6
Fighting       | 1 3 |  3.5
Long Blades    | 1 4 |  4.5

Action                   |  1- 3 |  4- 6 |  7- 9 | 10-12 || total
-------------------------+-------+-------+-------+-------++-------
Melee: Dagger            |   118 |    81 |    85 |       ||   284
       Tailslap          |    10 |    13 |    26 |     8 ||    57
       Punch             |       |       |     1 |       ||     1
       Rapier            |       |       |    45 |       ||    45
       Triple sword      |       |       |     4 |    93 ||    97
Throw: Throwing net      |       |       |     1 |       ||     1
 Cast: Freeze            |    13 |     1 |       |       ||    14
       Frozen Ramparts   |     2 |    18 |    44 |    16 ||    80
       Ozocubu's Armour  |     1 |     5 |    35 |    12 ||    53
       Hailstorm         |       |       |    11 |     5 ||    16
       Mephitic Cloud    |       |       |     1 |       ||     1
  Use: Potion            |     1 |       |     2 |     1 ||     4
       Scroll            |       |     2 |     3 |     5 ||    10
 Stab: Sleeping          |     2 |     5 |     2 |     2 ||    11
       Held in net/web   |       |       |     1 |       ||     1
Armor: Skin              |    44 |    17 |    74 |    65 ||   200
Dodge: Dodged            |    89 |    44 |   113 |    86 ||   332

Table legend: (Time is in decaauts)
 A = Elapsed time spent in this place.
 B = Non-inter-level travel time spent in this place.
 C = Inter-level travel time spent in this place.
 D = Time resting spent in this place.
 E = Time spent auto-exploring this place.
 F = Levels seen in this place.
 G = Mean time per level.
                   A        B        C        D        E       F      G
               +--------+--------+--------+--------+--------+-----+--------+
         Total |  11399 |  10692 |    707 |   1875 |   6233 |  11 | 1036.3 |
       Dungeon |   9953 |   9255 |    698 |   1168 |   5976 |   9 | 1105.9 |
        Temple |    102 |     93 |      9 |      0 |     66 |   1 |  102.0 |
        Bailey |   1343 |   1343 |      0 |    707 |    191 |   1 | 1343.0 |
               +--------+--------+--------+--------+--------+-----+--------+

Top non-repeatable levels by time:
     D:4: 1968 daAuts
  Bailey: 1343 daAuts
     D:5: 1289 daAuts
     D:1: 1277 daAuts
     D:7: 1264 daAuts
     D:8: 1225 daAuts
     D:6: 1000 daAuts
     D:2: 999 daAuts
     D:3: 823 daAuts
     D:9: 105 daAuts
  Temple: 102 daAuts
